% Time on Ice - COLORADO GLACIERCATS
Lines # - Real PCT - Wanted PCT - Time Play
Normal Forward
1 - 31% - 35% - 16:17
2 - 33% - 35% - 16:59
3 - 29% - 25% - 15:12
4 - 7% - 5% - 3:35
Normal Defense
1 - 39% - 37% - 20:18
2 - 35% - 34% - 18:08
3 - 24% - 23% - 12:27
4 - 2% - 6% - 1:10
PP Forward
1 - 54% - 50% - 1:16
2 - 46% - 50% - 1:05
PP Defense
1 - 61% - 60% - 1:26
2 - 39% - 40% - 0:55
PK Forward
1 - 47% - 50% - 2:38
2 - 53% - 50% - 2:58
PK Defense
1 - 58% - 50% - 3:15
2 - 42% - 50% - 2:21
PK3 Forward
1 - 0% - 50%
2 - 0% - 50%
PK3 Defense
1 - 0% - 50%
2 - 0% - 50%
44 Forward
1 - 0% - 50%
2 - 0% - 50%
44 Defense
1 - 0% - 45%
2 - 0% - 55%
Last Minute Offensive  - 0:00
Last Minute Defensive  - 0:00
Total
Forward - 60:00
Defense - 60:00
% Time on Ice - SAN DIEGO THUNDER
Lines # - Real PCT - Wanted PCT - Time Play
Normal Forward
1 - 34% - 36% - 17:38
2 - 30% - 31% - 15:37
3 - 22% - 23% - 11:23
4 - 14% - 10% - 7:25
Normal Defense
1 - 34% - 38% - 17:48
2 - 33% - 32% - 17:08
3 - 26% - 20% - 13:45
4 - 6% - 10% - 3:22
PP Forward
1 - 47% - 55% - 2:37
2 - 53% - 45% - 2:59
PP Defense
1 - 47% - 55% - 2:37
2 - 53% - 45% - 2:59
PK Forward
1 - 67% - 55% - 1:35
2 - 33% - 45% - 0:46
PK Defense
1 - 40% - 55% - 0:56
2 - 60% - 45% - 1:25
PK3 Forward
1 - 0% - 55%
2 - 0% - 45%
PK3 Defense
1 - 0% - 55%
2 - 0% - 45%
44 Forward
1 - 0% - 55%
2 - 0% - 45%
44 Defense
1 - 0% - 55%
2 - 0% - 45%
Last Minute Offensive  - 0:00
Last Minute Defensive  - 0:00
Total
Forward - 60:00
Defense - 60:00
Play-by-Play 1st period 0:01 of 1st period - Anze Kopitar wins face-off versus Eetu Luostarinen in neutral zone. 0:20 of 1st period - Shot by Anze Kopitar. 0:20 of 1st period - Shot Misses the Net. 0:30 of 1st period - Shot by Jamie Benn. 0:30 of 1st period - Shot Blocked by Eetu Luostarinen. 0:32 of 1st period - Shot by Anze Kopitar. 0:32 of 1st period - Deflect By Jamie Benn. 0:32 of 1st period - Stopped by Connor Hellebuyck with a rebound. 0:48 of 1st period - Shot by Anze Kopitar. 0:48 of 1st period - Shot Blocked by Drake Batherson. 1:06 of 1st period - Charles McAvoy is hit by Tomas Hertl. 1:30 of 1st period - Shot by Tomas Hertl. 1:30 of 1st period - Deflect By Leon Draisaitl. 1:30 of 1st period - Stopped by Connor Hellebuyck without a rebound. 1:31 of 1st period - Alexander Wennberg wins face-off versus Radek Faksa in SAN DIEGO THUNDER zone. 1:52 of 1st period - Shot by Isac Lundestrom. 1:52 of 1st period - Shot Misses the Net. 1:54 of 1st period - Shot by Luke Kunin. 1:54 of 1st period - Shot Misses the Net. 3:06 of 1st period - Icing by Vladislav Gavrikov. 3:07 of 1st period - Mark Kastelic wins face-off versus Bryan Rust in COLORADO GLACIERCATS zone. 3:26 of 1st period - Shot by Joel Armia. 3:26 of 1st period - Stopped by Pheonix Copley without a rebound. 3:27 of 1st period - Anze Kopitar wins face-off versus Eetu Luostarinen in COLORADO GLACIERCATS zone. 3:58 of 1st period - Shot by Jamie Benn. 3:58 of 1st period - Shot Misses the Net. 4:06 of 1st period - Shot by Jamie Benn. 4:06 of 1st period - Stopped by Connor Hellebuyck with a rebound. 5:24 of 1st period - Shot by Isac Lundestrom. 5:24 of 1st period - Stopped by Pheonix Copley without a rebound. 5:25 of 1st period - Leon Draisaitl wins face-off versus Mark Kastelic in COLORADO GLACIERCATS zone. 5:42 of 1st period - Shot by Leon Draisaitl. 5:42 of 1st period - Stopped by Connor Hellebuyck with a rebound. 5:44 of 1st period - Shot by Vladislav Gavrikov. 5:44 of 1st period - Stopped by Connor Hellebuyck with a rebound. 5:46 of 1st period - Shot by Vladislav Gavrikov. 5:46 of 1st period - Goal by Vladislav Gavrikov - COLORADO GLACIERCATS : 1 - SAN DIEGO THUNDER : 0. 5:47 of 1st period - Radek Faksa wins face-off versus Tage Thompson in neutral zone. 6:09 of 1st period - Shot by Radek Faksa. 6:09 of 1st period - Stopped by Pheonix Copley without a rebound. 6:10 of 1st period - Wyatt Johnston wins face-off versus Tomas Hertl in COLORADO GLACIERCATS zone. 6:46 of 1st period - Shot by Leon Draisaitl. 6:46 of 1st period - Shot Misses the Net. 8:24 of 1st period - Icing by Kevin Shattenkirk. 8:25 of 1st period - Radek Faksa wins face-off versus Alexander Wennberg in COLORADO GLACIERCATS zone. 8:43 of 1st period - Shot by Luke Kunin. 8:43 of 1st period - Stopped by Pheonix Copley without a rebound. 8:44 of 1st period - Leon Draisaitl wins face-off versus Mark Kastelic in COLORADO GLACIERCATS zone. 9:00 of 1st period - Minor Penalty to Vladislav Gavrikov for Hooking. 9:01 of 1st period - Isac Lundestrom wins face-off versus Alexander Wennberg in COLORADO GLACIERCATS zone. 9:38 of 1st period - Shot by Isac Lundestrom. 9:38 of 1st period - Stopped by Pheonix Copley without a rebound. 9:39 of 1st period - Alexander Wennberg wins face-off versus Drake Batherson in COLORADO GLACIERCATS zone. 10:02 of 1st period - Shot by Charles McAvoy. 10:02 of 1st period - Shot Misses the Net. 10:04 of 1st period - Shot by Erik Cernak. 10:04 of 1st period - Shot Blocked by Mario Ferraro. 11:02 of 1st period - Shot by Isac Lundestrom. 11:02 of 1st period - Stopped by Pheonix Copley with a rebound. 11:29 of 1st period - Shot by Steven Lorentz. 11:29 of 1st period - Stopped by Pheonix Copley without a rebound. 11:29 of 1st period - Minor Penalty to Pheonix Copley for Slashing. 11:30 of 1st period - Anze Kopitar wins face-off versus Wyatt Johnston in COLORADO GLACIERCATS zone. 11:30 of 1st period - Anze Kopitar is hit by Isac Lundestrom. 12:12 of 1st period - Shot by Anze Kopitar. 12:12 of 1st period - Deflect By Tomas Hertl. 12:12 of 1st period - Shot Misses the Net. 12:34 of 1st period - Shot by Charles McAvoy. 12:34 of 1st period - Shot Misses the Net. 12:47 of 1st period - Icing by Dmitri Voronkov. 12:48 of 1st period - Alexander Wennberg wins face-off versus Drake Batherson in SAN DIEGO THUNDER zone. 13:39 of 1st period - Shot by Steven Lorentz. 13:39 of 1st period - Stopped by Pheonix Copley with a rebound. 13:41 of 1st period - Shot by Joel Armia. 13:41 of 1st period - Shot Misses the Net. 15:24 of 1st period - Shot by Drake Batherson. 15:24 of 1st period - Shot Blocked by Devon Toews. 15:36 of 1st period - Shot by Eetu Luostarinen. 15:36 of 1st period - Shot Misses the Net. 15:38 of 1st period - Shot by Eetu Luostarinen. 15:38 of 1st period - Shot Misses the Net. 15:59 of 1st period - Off-side. 16:00 of 1st period - Wyatt Johnston wins face-off versus Alexander Wennberg in neutral zone. 16:03 of 1st period - Vince Dunn is hit by Dmitri Voronkov and loses puck. 16:19 of 1st period - Minor Penalty to Vladislav Gavrikov for Roughing. 16:20 of 1st period - Alexander Wennberg wins face-off versus Filip Zadina in COLORADO GLACIERCATS zone. 17:57 of 1st period - Shot by Drake Batherson. 17:57 of 1st period - Goal by Drake Batherson - COLORADO GLACIERCATS : 1 - SAN DIEGO THUNDER : 1. 17:58 of 1st period - Steven Lorentz wins face-off versus Alexander Wennberg in neutral zone. 18:43 of 1st period - Icing by Vladislav Gavrikov. 18:44 of 1st period - Alexander Wennberg wins face-off versus Eetu Luostarinen in COLORADO GLACIERCATS zone. 18:44 of 1st period - Alexander Wennberg is hit by Drake Batherson. 18:56 of 1st period - Derek Forbort is hit by Alexander Wennberg. 19:06 of 1st period - Shot by Joel Farabee. 19:06 of 1st period - Shot Misses the Net. 19:56 of 1st period - Icing by Connor Murphy. 19:57 of 1st period - Leon Draisaitl wins face-off versus Eetu Luostarinen in SAN DIEGO THUNDER zone. Goals for this period are 1 for COLORADO GLACIERCATS vs 1 for SAN DIEGO THUNDER. Shots for this period are 6 for COLORADO GLACIERCATS vs 9 for SAN DIEGO THUNDER. 2nd period 0:01 of 2nd period - Anze Kopitar wins face-off versus Wyatt Johnston in neutral zone. 0:17 of 2nd period - Shot by Dmitri Voronkov. 0:17 of 2nd period - Stopped by Pheonix Copley with a rebound. 0:25 of 2nd period - Shot by Jamie Benn. 0:25 of 2nd period - Stopped by Connor Hellebuyck without a rebound. 0:26 of 2nd period - Radek Faksa wins face-off versus Leon Draisaitl in SAN DIEGO THUNDER zone. 0:28 of 2nd period - Icing by Luke Kunin. 0:29 of 2nd period - Radek Faksa wins face-off versus Leon Draisaitl in SAN DIEGO THUNDER zone. 0:36 of 2nd period - Shot by Radek Faksa. 0:36 of 2nd period - Stopped by Pheonix Copley without a rebound. 0:37 of 2nd period - Leon Draisaitl wins face-off versus Dmitri Voronkov in COLORADO GLACIERCATS zone. 0:54 of 2nd period - Shot by Tomas Hertl. 0:54 of 2nd